 Dungeon Crawl Stone Soup version 0.21.2 (webtiles) character file.

10673 magipi the Geomancer (level 11, -7/71 (74) HPs)
             Began as a Green Draconian Necromancer on Jan 2, 2019.
             Was a Priest of Makhleb.
             Hit by a large rock thrown by a stone giant (43 damage)
             ... on level 1 of the Orcish Mines.
             The game lasted 00:54:50 (12133 turns).

magipi the Geomancer (Green Draconian Necromancer) Turns: 12133, Time: 00:54:55

HP:   -7/71 (74)    AC:  8    Str: 11    XL:     11   Next: 39%
MP:   11/29         EV: 16    Int: 19    God:    Makhleb [***...]
Gold: 790           SH:  0    Dex: 11    Spells: 5/22 levels left

rFire    . . .     SeeInvis .   b - +2 quarterstaff (pain)
rCold    . . .     Gourm    .   (shield currently unavailable)
rNeg     . . .     Faith    .   (armour unavailable)
rPois    +         Spirit   .   (helmet restricted)
rElec    .         Reflect  .   j - +0 cloak
rCorr    .         Harm     .   (no gloves)
MR       .....                  (no boots)
Stlth    ++........             r - amulet of regeneration
HPRegen  0.61/turn              g - ring of magical power
MPRegen  0.21/turn              x - +4 ring of evasion

@: short of breath
A: breathe noxious fumes, unfitting armour, poison resistance, cold-blooded, AC
+7
a: Breathe Noxious Fumes, Minor Destruction, Lesser Servant of Makhleb, Renounce
Religion


You were on level 1 of the Orcish Mines.
You worshipped Makhleb.
Makhleb was most pleased with you.
You were very hungry.

You visited 3 branches of the dungeon, and saw 13 of its levels.

You collected 790 gold pieces.

Inventory:

Hand Weapons
 a - a +0 dagger of flaming
   (You took it off an orc wizard on level 10 of the Dungeon)
 b - a +2 quarterstaff of pain (weapon)
   (You found it on level 3 of the Dungeon)
 p - a +3 quarterstaff of chaos
   (You took it off Crazy Yiuf on level 3 of the Dungeon)
Armour
 j - a +0 cloak (worn)
   (You took it off Crazy Yiuf on level 3 of the Dungeon)
Jewellery
 g - a ring of magical power (left hand)
   (You found it on level 10 of the Dungeon)
 r - an amulet of regeneration (around neck)
   (You found it on level 2 of the Dungeon)
 x - a +4 ring of evasion (right hand)
   (You found it on level 4 of the Dungeon)
Wands
 q - a wand of flame (72)
   (You took it off Jessica on level 3 of the Dungeon)
 u - a wand of scattershot (4)
   (You took it off Pikel on level 6 of the Dungeon)
Scrolls
 e - 2 scrolls of fog
 i - 9 scrolls of remove curse
 k - 2 scrolls of enchant weapon
 l - 4 scrolls of teleportation
 t - a scroll of magic mapping
 y - 2 scrolls of fear
Potions
 d - a potion of mutation
 h - 4 potions of flight
 m - a potion of heal wounds
 v - a potion of cancellation {unknown}
 w - 6 potions of curing
 z - a potion of ambrosia {unknown}
 A - 2 potions of lignification
 B - a potion of invisibility {unknown}
 C - a potion of resistance {unknown}
Books
 c - a book of Maledictions
   (You found it on level 7 of the Dungeon)

   Spells                             Type                      Level
   a - Corona                         Hexes                        1
   b - Ensorcelled Hibernation        Hexes/Ice                    2
   c - Confuse                        Hexes                        3
   d - Tukima's Dance                 Hexes                        3
   e - Dazzling Spray                 Conjuration/Hexes            3
 f - a book of Necromancy

   Spells                             Type                      Level
   a - Pain                           Necromancy                   1
   b - Animate Skeleton               Necromancy                   1
   c - Vampiric Draining              Necromancy                   3
   d - Regeneration                   Charms/Necromancy            3
   e - Animate Dead                   Necromancy                   4
   f - Borgnjor's Vile Clutch         Necromancy/Earth             5
 o - a book of Changes
   (You found it on level 5 of the Dungeon)

   Spells                             Type                      Level
   a - Beastly Appendage              Transmutation                1
   b - Sticks to Snakes               Transmutation                2
   c - Spider Form                    Transmutation/Poison         3
   d - Ice Form                       Ice/Transmutation            4
   e - Blade Hands                    Transmutation                5
Comestibles
 n - 6 chunks of flesh
 s - 12 rations


   Skills:
 + Level 8.4 Staves
 - Level 1.7 Dodging
 - Level 1.7 Stealth
 - Level 6.2 Spellcasting
 - Level 9.0 Necromancy
 - Level 9.0 Earth Magic
 + Level 8.4 Evocations


You had 5 spell levels left.
You knew the following spells:

 Your Spells              Type           Power        Failure   Level  Hunger
a - Pain                  Necr           ####         1%          1    None
d - Animate Dead          Necr           N/A          2%          4    ####...
e - Animate Skeleton      Necr           N/A          1%          1    None
k - Borgnjor's Vile Clut  Necr/Erth      #####.....   8%          5    #####..
r - Regeneration          Chrm/Necr      ###.......   4%          3    ##.....
v - Vampiric Draining     Necr           #####.....   1%          3    ##.....


Dungeon Overview and Level Annotations

Branches:
Dungeon (11/15)            Temple (1/1) D:6            Lair (0/6) D:9
    Orc (1/2) D:9

Altars:
Ashenzari
Cheibriados
Dithmenos
Elyvilon
Fedhas
Gozag
Hepliaklqana
Kikubaaqudgha
Makhleb
Nemelex Xobeh
Okawaru
Qazlal
Ru
Sif Muna
Trog
Uskayaw
Vehumet
Xom
Yredelemnul
Zin
The Shining One

Shops:
D:10 *

Annotations:
D:3 RoboWizard's ghost, amateur CeHu
D:4 Menkaure
D:11 PeterLawrence's ghost, journeyman MiFi


Innate Abilities, Weirdness & Mutations

You can breathe blasts of noxious fumes.
Your lurid green scales are hard. (AC +7)
You cannot fit into any form of body armour.
Your system is resistant to poisons. (rPois)
You are cold-blooded and may be slowed by cold attacks.


Message History

The orc knight roars a battlecry!
The stone giant escapes!
The orc warrior hits your orc priest skeleton with a glaive!!
Your orc priest skeleton is destroyed!
The zombie hands constrict the orc knight!
The zombie hands release their grip on the orc knight.
The orc warrior throws a tomahawk.
The tomahawk hits your orc priest skeleton!
The orc warrior hits your orc wizard skeleton with a battleaxe of chopping!!!
Your orc wizard skeleton is destroyed!
Unknown command.
Unknown command.
Unknown command.
Casting: Borgnjor's Vile Clutch
Confirm with . or Enter, or press ? or * to list all spells.
Aiming: Borgnjor's Vile Clutch
Press: ? - help, Dir - move target cursor, f - orc warrior
Aim: an orc warrior, wielding a glaive and wearing a chain mail (moderately wounded, unusually strong) Decaying hands burst forth from the earth!
Zombie hands grab the orc warrior.
Zombie hands grab the orc knight.
Zombie hands grab the stone giant.
Zombie hands grab the orc warrior.
Zombie hands grab the orc priest.
You are feeling hungry.
The zombie hands constrict the orc knight!
The zombie hands constrict the orc warrior.
The zombie hands constrict the stone giant, but do no damage.
The zombie hands constrict the orc priest!
The zombie hands constrict the orc warrior.
You kill the orc warrior!
Makhleb accepts your kill.
You feel better.
The orc warrior escapes!
The orc knight roars a battlecry!
The orc priest looks satisfied for a moment.
The stone giant struggles to escape constriction.
You hear a shout!
An orc warrior comes into view. It is wielding a halberd.
Unknown command.
The zombie hands constrict the orc knight.
You kill the orc knight!
Makhleb accepts your kill.
The zombie hands constrict the stone giant!
The zombie hands constrict the orc priest.
You kill the orc priest!
Makhleb accepts your kill. The orc warrior misses you.
The stone giant struggles to escape constriction.
The zombie hands constrict the stone giant!
The orc warrior hits you from afar with a glaive!!
The orc warrior throws a tomahawk.
The tomahawk hits you.
The stone giant struggles to escape constriction.
An orc comes into view.
Unknown command.
The zombie hands constrict the stone giant!
The stone giant escapes!
The orc warrior hits your orc priest skeleton with a glaive!
Your orc priest skeleton is destroyed!
Unknown command.
Unknown command.
The orc wizard gestures at you while chanting.
The magic dart hits you!
Unknown command.
Casting: Borgnjor's Vile Clutch
Confirm with . or Enter, or press ? or * to list all spells.
Aiming: Borgnjor's Vile Clutch
Press: ? - help, Dir - move target cursor, f - stone giant
Aim: a stone giant (severely wounded) Decaying hands burst forth from the earth!
Zombie hands grab the stone giant.
Zombie hands grab the orc wizard.
Zombie hands grab the orc.
Zombie hands grab the orc warrior.
The zombie hands constrict the stone giant.
The zombie hands constrict the orc.
You kill the orc!
Makhleb accepts your kill.
You feel better.
The zombie hands constrict the orc wizard!
The zombie hands constrict the orc warrior!
The orc warrior struggles to escape constriction.
The orc wizard hits you with a dagger.
Unknown command.
Unknown command.
Unknown command.
Press: ? - help, Shift-Dir - straight line, f - orc warrior, p - stone giant
Aim: an orc warrior, wielding a halberd and wearing a chain mail You exhale a blast of noxious fumes.
The blast of choking fumes hits the orc wizard.
The orc wizard is severely wounded.
The blast of choking fumes hits the stone giant.
The stone giant is almost dead.
The blast of choking fumes hits the orc warrior.
The orc warrior is heavily wounded.
You are feeling very hungry.
The zombie hands constrict the stone giant!
The zombie hands constrict the orc wizard.
You kill the orc wizard!
Makhleb accepts your kill.
The zombie hands constrict the orc warrior!
The stone giant is engulfed in noxious fumes.
The stone giant throws a large rock.
The large rock hits you!!!
Ouch! That really hurt!
You die...

.........##...........##
.#.......##..........##.
##........##........#...
#.....Z.>##.............
##.#......##............#
####......#........#...#
#...#..Z.#.#......#.#
##.##...###....#...#
#####.## ##.@## .## ##
### #..ยง## ###..#.
##.#C####......
#..(oo)#.....#
##..o.)......#
#....)..).....
...........).....
....o.............
.....o............


You could see a stone giant, 3 orc warriors and an orc.

Vanquished Creatures
  A two-headed ogre (D:8)
  Pikel (D:6)
  An orc knight (Orc:1)
  Psyche (D:11)
  Joseph (D:8)
  A troll (D:9)
  A hornet (D:9)
  Grinder (D:5)
  Prince Ribbit (D:7)
  9 yaks (D:9)
  A water moccasin (D:7)
  Duvessa (D:7)
  2 hell hounds (D:9)
  6 orc warriors
  2 slaves (D:6)
  3 ice beasts
  A black bear (D:9)
  A phantom (D:5)
  A necrophage (D:6)
  4 ogres
  2 sky beasts
  4 centaurs
  A big kobold (D:8)
  4 bullfrogs
  Blork the orc (D:6)
  Dowan (D:7)
  3 scorpions
  9 killer bees (D:10)
  2 electric eels (D:9)
  2 howler monkeys
  2 crimson imps
  2 bullfrog zombies
  2 jellies
  2 quasits
  9 orc priests
  A bullfrog skeleton (D:7)
  A hound (D:8)
  10 orc wizards
  Crazy Yiuf (D:3)
  Jessica (D:3)
  4 iguanas
  Natasha (thrice) (D:2 D:1)
  8 worker ants
  A hound zombie (D:5)
  A hound skeleton (D:7)
  A worker ant zombie (D:11)
  3 gnolls (D:3)
  11 adders
  A shadow imp (D:6)
  An adder zombie (D:6)
  An adder skeleton (D:4)
  3 worms
  3 dart slugs
  A leopard gecko (D:4)
  45 orcs
  7 bats
  4 giant cockroaches
  4 goblins
  6 hobgoblins
  6 jackals
  4 quokkas (D:4)
  6 frilled lizards
  A jackal zombie (D:9)
  9 kobolds
  3 rats
237 creatures vanquished.

Vanquished Creatures (collateral kills)
  A two-headed ogre (D:9)
  A centaur skeleton (D:10)
  2 trolls (D:10)
  A hippogriff (D:10)
  A yak (D:9)
  An acid dragon (D:9)
  An orc warrior (Orc:1)
  A sky beast (D:8)
  A big kobold (D:10)
  2 bullfrogs
  A scorpion (D:7)
  A howler monkey (D:9)
  A jelly (D:11)
  A bullfrog skeleton (D:8)
  2 crimson imps
  2 iguanas
  A worker ant (D:9)
  2 adders
  A dart slug (D:2)
  4 orcs (D:9)
  A bat (D:1)
  A hobgoblin (D:1)
  3 kobolds (D:10)
  A quokka (D:8)
  A frilled lizard (D:3)
35 creatures vanquished.

Vanquished Creatures (others)
  A worker ant (D:5)
  3 orcs (D:9)
4 creatures vanquished.

Grand Total: 276 creatures vanquished

Notes
Turn   | Place    | Note
-------+----------+-------------------------------------------
     0 | D:1      | magipi the Draconian Necromancer began the quest for the Orb.
     0 | D:1      | Reached XP level 1. HP: 14/14 MP: 3/3
     2 | D:1      | Learned a level 1 spell: Animate Skeleton
   256 | D:1      | Reached XP level 2. HP: 18/20 MP: 3/5
  1047 | D:2      | Noticed Natasha
  1062 | D:2      | Killed Natasha
  1062 | D:2      | Reached XP level 3. HP: 13/26 MP: 1/6
  1289 | D:2      | Reached skill level 5 in Necromancy
  1381 | D:2      | Noticed Natasha
  1387 | D:2      | Killed Natasha
  1387 | D:2      | Reached XP level 4. HP: 28/33 MP: 3/8
  2132 | D:2      | Noticed Natasha
  2146 | D:1      | Killed Natasha
  2319 | D:3      | Noticed Jessica
  2466 | D:3      | Reached XP level 5. HP: 34/38 MP: 2/9
  2511 | D:3      | Killed Jessica
  2536 | D:3      | Found a runed door.
  2547 | D:3      | Learned a level 3 spell: Vampiric Draining
  2553 | D:3      | Learned a level 5 spell: Borgnjor's Vile Clutch
  2615 | D:3      | Noticed a phantom
  3779 | D:3      | Found a shimmering altar of Xom.
  3807 | D:3      | Noticed RoboWizard's ghost (amateur CeHu)
  3963 | D:4      | Reached XP level 6. HP: 43/45 MP: 7/11
  3989 | D:4      | Found an iron altar of Okawaru.
  4066 | D:4      | Noticed Menkaure
  4332 | D:4      | Found an ancient bone altar of Kikubaaqudgha.
  4453 | D:4      | Reached skill level 1 in Earth Magic
  4772 | D:4      | Your scales start taking on a lurid green colour.
  4772 | D:4      | Reached XP level 7. HP: 47/50 MP: 9/13
  4772 | D:4      | Gained mutation: Your system is resistant to poisons. (rPois) [Green Draconian growth]
  5248 | D:5      | Entered Level 5 of the Dungeon
  5390 | D:5      | Noticed Grinder
  5662 | D:5      | Found a sacrificial altar of Ru.
  5855 | D:5      | Paralysed by Grinder for 7 turns
  5866 | D:5      | Reached skill level 5 in Earth Magic
  5904 | D:5      | Killed Grinder
  5904 | D:5      | Reached XP level 8. HP: 30/57 MP: 8/14
  6342 | D:3      | Found a shadowy altar of Dithmenos.
  6571 | D:3      | Noticed Crazy Yiuf
  6577 | D:3      | Killed Crazy Yiuf
  6795 | D:6      | Found a staircase to the Ecumenical Temple.
  6800 | Temple   | Entered the Ecumenical Temple
  6814 | Temple   | Became a worshipper of Makhleb the Destroyer
  6956 | D:6      | Noticed Pikel
  6994 | D:6      | Killed Pikel
  7127 | D:6      | Reached XP level 9. HP: 52/60 MP: 15/15
  7163 | D:6      | Noticed Blork the orc
  7172 | D:6      | Killed Blork the orc
  7600 | D:7      | Learned a level 4 spell: Animate Dead
  7659 | D:7      | Noticed Duvessa
  7659 | D:7      | Noticed Dowan
  7679 | D:7      | Killed Duvessa
  7688 | D:7      | Killed Dowan
  8064 | D:7      | Noticed Prince Ribbit
  8144 | D:7      | Killed Prince Ribbit
  8144 | D:7      | Reached skill level 5 in Spellcasting
  8329 | D:8      | Noticed Joseph
  8342 | D:8      | Killed Joseph
  8342 | D:8      | Reached skill level 1 in Staves
  8342 | D:8      | Reached skill level 1 in Evocations
  8473 | D:8      | Found a hide-covered altar of Uskayaw.
  8791 | D:8      | Noticed a two-headed ogre
  8815 | D:8      | Killed a two-headed ogre
  8815 | D:8      | Reached XP level 10. HP: 46/66 MP: 17/19
  9293 | D:9      | Reached * piety under Makhleb
  9408 | D:9      | Reached skill level 5 in Staves
  9415 | D:9      | Reached skill level 5 in Evocations
  9503 | D:9      | Noticed a two-headed ogre
  9536 | D:9      | Killed a two-headed ogre
  9734 | D:9      | Reached ** piety under Makhleb
  9810 | D:9      | Found a staircase to the Lair.
  9984 | D:9      | Found a basalt altar of Yredelemnul.
 10239 | D:9      | Learned a level 3 spell: Regeneration
 10326 | D:9      | Reached XP level 11. HP: 71/71 MP: 14/20
 10333 | D:9      | Found a staircase to the Orcish Mines.
 10652 | D:10     | Entered Level 10 of the Dungeon
 10929 | D:10     | Found Ceublut's Assorted Antiques.
 11452 | D:11     | Reached *** piety under Makhleb
 11490 | D:11     | Noticed Psyche
 11500 | D:11     | Killed Psyche
 11590 | D:11     | Noticed PeterLawrence's ghost (journeyman MiFi)
 11894 | Orc:1    | Entered Level 1 of the Orcish Mines
 12114 | Orc:1    | Noticed an orc knight
 12115 | Orc:1    | Noticed a stone giant
 12127 | Orc:1    | Killed an orc knight
 12133 | Orc:1    | Hit by a large rock thrown by a stone giant

Skill      XL: |  1  2  3  4  5  6  7  8  9 10 11 |
---------------+----------------------------------+-----
Necromancy     | 5 6 7 8 9 |  9.0
Spellcasting   | 3 4 6 |  6.2
Earth Magic    | 2 5 8 9 |  9.0
Staves         | 3 7 8 |  8.4
Evocations     | 3 7 8 |  8.4
Dodging        | |  1.7
Stealth        | |  1.7

Action                   |  1- 3 |  4- 6 |  7- 9 | 10-12 || total
-------------------------+-------+-------+-------+-------++-------
Melee: Unarmed           |     1 |       |       |       ||     1
       Short sword       |    17 |   118 |    21 |       ||   156
       Tailslap          |       |    16 |    33 |    27 ||    76
       Quarterstaff      |       |       |   260 |   242 ||   502
 Cast: Pain              |    40 |    87 |     5 |       ||   132
       Animate Skeleton  |     8 |    16 |    16 |    29 ||    69
       Vampiric Draining |       |     7 |     6 |     1 ||    14
       Borgnjor's Vile C |       |       |     2 |    24 ||    26
       Animate Dead      |       |       |     2 |    10 ||    12
       Regeneration      |       |       |       |     5 ||     5
 Abil: Breathe Noxious F |       |       |    24 |    22 ||    46
Evoke: Wand              |       |       |     2 |    10 ||    12
  Use: Scroll            |       |       |    14 |     3 ||    17
       Potion            |       |       |     1 |       ||     1
 Stab: Sleeping          |     1 |     5 |     2 |     2 ||    10
       Confused          |       |       |     6 |     6 ||    12
  Eat: Chunk             |     2 |     8 |     8 |    20 ||    38
       Ration            |       |     1 |     3 |     1 ||     5
Armor: Skin              |    18 |    45 |    81 |    53 ||   197
Dodge: Dodged            |    19 |   100 |   233 |   201 ||   553

Action                   |  1- 3 |  4- 6 |  7- 9 | 10-12 || total
-------------------------+-------+-------+-------+-------++-------
Melee: Unarmed           |     1 |       |       |       ||     1
       Short sword       |    17 |   118 |    21 |       ||   156
       Tailslap          |       |    16 |    33 |    27 ||    76
       Quarterstaff      |       |       |   260 |   242 ||   502
 Cast: Pain              |    40 |    87 |     5 |       ||   132
       Animate Skeleton  |     8 |    16 |    16 |    29 ||    69
       Vampiric Draining |       |     7 |     6 |     1 ||    14
       Borgnjor's Vile C |       |       |     2 |    24 ||    26
       Animate Dead      |       |       |     2 |    10 ||    12
       Regeneration      |       |       |       |     5 ||     5
 Abil: Breathe Noxious F |       |       |    24 |    22 ||    46
Evoke: Wand              |       |       |     2 |    10 ||    12
  Use: Scroll            |       |       |    14 |     3 ||    17
       Potion            |       |       |     1 |       ||     1
 Stab: Sleeping          |     1 |     5 |     2 |     2 ||    10
       Confused          |       |       |     6 |     6 ||    12
  Eat: Chunk             |     2 |     8 |     8 |    20 ||    38
       Ration            |       |     1 |     3 |     1 ||     5
Armor: Skin              |    18 |    45 |    81 |    53 ||   197
Dodge: Dodged            |    19 |   100 |   233 |   201 ||   553
